 Dungeon Crawl Stone Soup version 0.29-a0-1065-g47a6bb87d6 (webtiles) character file.

Game seed: 16278715441165121314

16053 Newt the Prestidigitator (level 12, -1/88 HPs)
             Began as a Demonspawn Gladiator on Aug 18, 2022.
             Was a High Priest of Dithmenos.
             Slain by nickcage's ghost (16 damage)
             ... on level 10 of the Dungeon.
             The game lasted 00:26:15 (12433 turns).

Newt the Prestidigitator (Demonspawn Gladiator)    Turns: 12433, Time: 00:26:16

Health: -1/88      AC: 14    Str: 23    XL:     12   Next: 6%
Magic:  15/15      EV: 13    Int:  7    God:    Dithmenos [*****.]
Gold:   506        SH:  5    Dex: 16    Spells: 11/11 levels left

rFire   . . .      SeeInvis .   b - +3 scimitar (spect)
rCold   . . .      Faith    .   K - +0 buckler
rNeg    + + .      Spirit   .   H - +3 leather armour "Roneaqus" {rN+ Str+4}
rPois   .          Reflect  .   k - +2 hat
rElec   .          Harm     .   (no cloak)
rCorr   .          Rampage  .   g - +0 pair of gloves
Will    .....                   l - +0 pair of boots
Stlth   +++.......              E - amulet of regeneration
HPRegen 1.04/turn               y - +4 ring of slaying
MPRegen 0.14/turn               p - ring of positive energy

@: mighty, hasted, wreathed by umbra, very quick
A: horns 2, thin metallic scales 2, demonic guardian 2, foul stench 1, dopey 1,
MP-powered wands
a: Renounce Religion, Shadow Step, Shadow Form


You were on level 10 of the Dungeon.
You worshipped Dithmenos.
Dithmenos was extremely pleased with you.
You visited 1 branch of the dungeon, and saw 10 of its levels.
You also visited: Bailey.

You collected 561 gold pieces.
You spent 55 gold pieces at shops.

Inventory:

Hand Weapons
 a - a +2 dagger of venom
 b - a +3 spectral scimitar (weapon)
 s - a +0 rapier
 u - a +3 short sword of speed
Missiles
 e - 13 javelins
 i - 100 stones
 F - 37 poisoned darts (quivered)
Armour
 c - a +0 helmet
 g - a +0 pair of gloves (worn)
 k - a +2 hat (worn)
 l - a +0 pair of boots (worn)
 q - a +0 leather armour
 B - a +1 scale mail of fire resistance
 H - the +3 leather armour "Roneaqus" (worn) {rN+ Str+4}
   (You found it on level 5 of the Dungeon)

   Str:       It affects your strength (+4).
   rN:        It protects you from negative energy.
 K - a +0 buckler (worn)
 N - +0 acid dragon scales
 P - +1 swamp dragon scales
Jewellery
 p - a ring of positive energy (right hand)
 y - a +4 ring of slaying (left hand)
 D - a ring of protection from fire
 E - an amulet of regeneration (around neck)
 I - a ring of poison resistance
 J - a ring of wizardry
 M - a +6 ring of strength
Wands
 d - a wand of flame (21)
 v - a wand of polymorph (13)
 w - a wand of digging (18)
 U - a wand of quicksilver (4)
Scrolls
 h - a scroll of fog
 m - a scroll of vulnerability
 t - 8 scrolls of teleportation
 L - a scroll of magic mapping
 Q - 2 scrolls of amnesia
 R - 2 scrolls of fear
 T - 2 scrolls of identify
Potions
 f - 4 potions of degeneration
 j - 7 potions of curing
 n - 2 potions of magic
 o - 2 potions of cancellation
 r - 2 potions of attraction
 z - a potion of might
 A - a potion of lignification {unknown}
 C - a potion of invisibility {unknown}
 G - a potion of berserk rage {unknown}
 O - a potion of flight {unknown}
 S - a potion of mutation


   Skills:
 - Level 6.0 Fighting
 - Level 5.0(7.8) Short Blades
 - Level 9.4(10.0) Long Blades
 - Level 1.7 Throwing
 - Level 6.0 Armour
 - Level 5.0 Dodging
 - Level 3.2 Stealth
 + Level 3.9 Shields
 - Level 5.0 Invocations
 - Level 11.1 Evocations


You had 11 spell levels left.
You didn't know any spells.
Your spell library contained the following spells:

 Spells                   Type           Power      Damage    Failure   Level
 Blink                    Tloc           0%         N/A       71%         2
 Ensorcelled Hibernation  Hex/Ice        0%         N/A       71%         2
 Passwall                 Tmut/Erth      0%         N/A       71%         2
 Lesser Beckoning         Tloc           0%         N/A       90%         3
 Portal Projectile        Hex/Tloc       0%         N/A       90%         3
 Swiftness                Air            0%         N/A       90%         3
 Tukima's Dance           Hex            0%         N/A       90%         3
 Animate Armour           Summ/Erth      0%         N/A       100%        4
 Petrify                  Tmut/Erth      0%         N/A       100%        4
 Blade Hands              Tmut           0%         N/A       100%        5
 Manifold Assault         Tloc           0%         N/A       100%        5
 Metabolic Englaciation   Hex/Ice        0%         N/A       100%        5
 Iron Shot                Conj/Erth      0%         9d1       100%        6
 Statue Form              Tmut/Erth      0%         N/A       100%        6


Dungeon Overview and Level Annotations

Branches:
Dungeon (10/15)            Temple (0/1) D:4            Lair (0/5) D:9
 Bailey (visited)
    Orc: D:9-12

Altars:
Dithmenos
Wu Jian

Shops:
D:3 ?

Annotations:
D:10 nickcage's ghost, journeyman MfGl


Innate Abilities, Weirdness & Mutations

You have a pair of horns on your head.
You are mostly covered in thin metallic scales. (AC +3)
A demonic guardian rushes to your aid.
You may rarely emit foul miasma when damaged in melee.
You are dopey. (Int -2)
You expend magic power (3 MP) to strengthen your wands.


Message History

You destroy Valamore's ghost!
Dithmenos accepts your kill. Nickcage's ghost hits you!!
Unknown command.
You hit nickcage's ghost but do no damage.
Your +3 spectral scimitar barely misses nickcage's ghost.
You hit nickcage's ghost but do no damage.
You headbutt nickcage's ghost, but do no damage.
Your +3 spectral scimitar hits nickcage's ghost!
Nickcage's ghost hits you!
You emit a cloud of foul miasma!
You hit nickcage's ghost but do no damage.
You headbutt nickcage's ghost.
Nickcage's ghost is lightly damaged.
Your +3 spectral scimitar hits nickcage's ghost but does no damage.
Nickcage's ghost hits you!
* * * LOW HITPOINT WARNING * * *
Unknown command.
You hit nickcage's ghost.
Nickcage's ghost is lightly damaged.
Your +3 spectral scimitar hits nickcage's ghost!
Unknown command.
You hit nickcage's ghost but do no damage.
Nickcage's ghost is moderately damaged.
Your shadow hits nickcage's ghost with a scimitar.
Your +3 spectral scimitar hits nickcage's ghost but does no damage.
Nickcage's ghost hits you!
* * * LOW HITPOINT WARNING * * *
A demonic guardian appears!
You slash nickcage's ghost!
You headbutt nickcage's ghost, but do no damage.
Nickcage's ghost is moderately damaged.
Your shadow hits nickcage's ghost with a scimitar.
Your +3 spectral scimitar hits nickcage's ghost but does no damage.
Unknown command.
You slash nickcage's ghost!
You headbutt nickcage's ghost, but do no damage.
Nickcage's ghost is heavily damaged.
Your +3 spectral scimitar hits nickcage's ghost but does no damage.
Nickcage's ghost hits you!
You die...

#............
#..#####.###. #..# #.#
#. #### #..# ###.###.
##.♣⌠♣#### #..# #.......
#8....#..# #..# #.....#.
:...$.#..# #..###.#.#.#.
♣.?...W..###.....#......
⌠.....(@..###.###.#.#.#.
♣.....'....##.###.......
$.....#4..........#.....
#8....#..####....))...#.
##?♣⌠♣##.# ######...#..
#### #)####### #...#..
#)......###...#.#
#.)####.......>..
#####..# #####...#..


You could see nickcage's ghost (ally target), a friendly orange demon (summoned)
and a friendly +3 spectral scimitar (summoned).

Vanquished Creatures
  The ghost of Valamore the Thaumaturge, a journeyman FeEE of Vehumet (D:10)
  A boulder beetle (D:6)
  2 two-headed ogres
  The ghost of IdlyInterested the Spear-Bearer, a novice DsWn (D:9)
  Joseph (D:7)
  2 komodo dragons (D:9)
  A troll (D:10)
  2 hornets
  Sigmund (D:2)
  7 spriggans (Bailey)
  4 wraiths
  2 wyverns (D:9)
  23 yaks
  A basilisk (D:6)
  Grum (D:10)
  6 vampire mosquitoes
  2 steam dragons
  2 acid dragons
  3 water moccasins
  3 orc warriors
  A black bear (D:5)
  A sky beast (D:7)
  A swamp drake (D:9)
  8 ogres
  4 wolves (D:10)
  A centaur (D:9)
  2 kobold brigands
  A bullfrog (D:7)
  3 necrophages (D:6)
  7 scorpions
  A gnoll sergeant (D:6)
  11 wights
  4 howler monkeys
  5 hounds
  3 jellies
  7 orc priests
  Ijyb (D:5)
  9 orc wizards
  Robin (D:2)
  6 adders
  4 gnolls (D:6)
  A river rat (D:4)
  An ufetubus (D:4)
  2 worms
  3 dart slugs
  25 orcs
  8 endoplasms
  6 giant cockroaches
  15 goblins
  9 hobgoblins
  12 jackals
  16 kobolds
  6 quokkas
  10 ball pythons
  5 bats
  5 frilled lizards
  4 rats
275 creatures vanquished.

Vanquished Creatures (collateral kills)
  A vampire mosquito (D:9)
  A bullfrog (D:9)
  2 orcs
  2 kobolds (D:9)
6 creatures vanquished.

Vanquished Creatures (others)
  A water moccasin (D:9)
1 creature vanquished.

Grand Total: 282 creatures vanquished

Notes
Turn   | Place    | Note
-------+----------+-------------------------------------------
     0 | D:1      | Newt the Demonspawn Gladiator began the quest for the Orb.
     0 | D:1      | Reached XP level 1. HP: 16/16 MP: 1/1
    43 | D:1      | Reached skill level 1 in Stealth
   456 | D:1      | Gained mutation: A weak demonic guardian rushes to your
                  | aid. [demonic ancestry]
   456 | D:1      | Reached XP level 2. HP: 16/22 MP: 2/2
  1386 | D:1      | Gained mutation: You are partially covered in thin metallic
                  | scales. (AC +2) [demonic ancestry]
  1386 | D:1      | Reached XP level 3. HP: 28/28 MP: 3/3
  1571 | D:2      | Found a shadowy altar of Dithmenos.
  1583 | D:2      | Became a worshipper of Dithmenos the Shadowed
  1847 | D:2      | Noticed Sigmund
  1869 | D:2      | Killed Sigmund
  1870 | D:2      | Gained mutation: You may rarely emit foul miasma when
                  | damaged in melee. [demonic ancestry]
  1870 | D:2      | Reached XP level 4. HP: 26/37 MP: 4/4
  1870 | D:2      | Gained mutation: You are mostly covered in thin metallic
                  | scales. (AC +3) [demonic ancestry]
  1870 | D:2      | Reached XP level 5. HP: 30/42 MP: 5/5
  2148 | D:2      | Noticed Robin
  2201 | D:2      | Killed Robin
  2201 | D:2      | Reached * piety under Dithmenos
  2881 | D:3      | Found Zauxt's Magic Scroll Emporium.
  2900 | D:3      | Bought a scroll of identify for 22 gold pieces
  2900 | D:3      | Bought a scroll of teleportation for 33 gold pieces
  3210 | D:3      | Reached XP level 6. HP: 31/48 MP: 6/6
  3367 | D:3      | Found a faded altar of an unknown god.
  3451 | D:3      | Reached ** piety under Dithmenos
  3499 | D:3      | Reached skill level 5 in Short Blades
  4691 | D:4      | Reached XP level 7. HP: 54/54 MP: 7/7
  5100 | D:4      | Found a staircase to the Ecumenical Temple.
  5333 | D:5      | Entered Level 5 of the Dungeon
  5344 | D:5      | Noticed Ijyb
  5365 | D:5      | Killed Ijyb
  5415 | D:5      | Reached skill level 5 in Dodging
  5415 | D:5      | Reached skill level 1 in Evocations
  5481 | D:5      | Reached skill level 2 in Evocations
  5584 | D:5      | Reached *** piety under Dithmenos
  5585 | D:5      | Reached skill level 3 in Evocations
  5599 | D:5      | Reached skill level 4 in Evocations
  5599 | D:5      | Gained mutation: You have a pair of small horns on your
                  | head. [demonic ancestry]
  5599 | D:5      | Reached XP level 8. HP: 49/60 MP: 8/8
  5813 | D:5      | Reached skill level 5 in Evocations
  6073 | D:5      | Reached skill level 6 in Evocations
  6108 | D:5      | Found an ornate altar of the Wu Jian Council.
  6129 | D:5      | Identified the +3 leather armour "Roneaqus" {rN+ Str+4}
  6389 | D:6      | Reached skill level 7 in Evocations
  6619 | D:6      | Gained mutation: You occasionally shout uncontrollably at
                  | your foes. [potion of mutation]
  6619 | D:6      | Gained mutation: You are weak. (Str -2) [potion of
                  | mutation]
  6619 | D:6      | Gained mutation: You have a beak for a mouth. [potion of
                  | mutation]
  6619 | D:6      | Gained mutation: You have a pair of horns on your head.
                  | [potion of mutation]
  6620 | D:6      | Lost mutation: You have a beak for a mouth. [potion of
                  | mutation]
  6620 | D:6      | Lost mutation: You occasionally shout uncontrollably at
                  | your foes. [potion of mutation]
  6620 | D:6      | Lost mutation: You are weak. (Str -2) [potion of mutation]
  6620 | D:6      | Gained mutation: You expend magic power (3 MP) to
                  | strengthen your wands. [potion of mutation]
  6620 | D:6      | Gained mutation: You are dopey. (Int -2) [potion of
                  | mutation]
  6660 | D:6      | Reached skill level 8 in Evocations
  6778 | D:6      | Mutation became permanent: You have a pair of small horns
                  | on your head. [demonic ancestry]
  6778 | D:6      | Gained mutation: You have a pair of horns on your head.
                  | [demonic ancestry]
  6778 | D:6      | Reached XP level 9. HP: 59/65 MP: 9/9
  7058 | D:6      | Noticed a boulder beetle
  7070 | D:6      | Killed a boulder beetle
  7071 | D:6      | Reached skill level 9 in Evocations
  7236 | D:6      | Reached skill level 10 in Evocations
  7653 | D:7      | Reached **** piety under Dithmenos
  8049 | D:7      | Paralysed by a hornet for 1 turns
  8052 | D:7      | Reached skill level 11 in Evocations
  8479 | D:7      | Reached skill level 1 in Invocations
  8559 | D:7      | Noticed Joseph
  8590 | D:7      | Killed Joseph
  8616 | D:7      | Reached XP level 10. HP: 45/71 MP: 13/13
  9064 | D:8      | Reached skill level 5 in Invocations
  9213 | D:8      | Reached skill level 5 in Fighting
  9229 | D:8      | Reached skill level 1 in Long Blades
  9364 | D:8      | Found a flagged portal.
  9434 | Bailey   | Entered a bailey
  9512 | Bailey   | Reached skill level 5 in Long Blades
  9542 | Bailey   | Noticed a two-headed ogre
  9575 | Bailey   | Reached skill level 1 in Armour
  9607 | Bailey   | HP: 3/76 [spriggan/+1 spear of freezing (5)]
  9649 | Bailey   | Killed a two-headed ogre
 10033 | D:8      | Reached XP level 11. HP: 71/81 MP: 14/14
 10396 | D:9      | Reached skill level 5 in Armour
 10576 | D:9      | Reached ***** piety under Dithmenos
 10971 | D:9      | Found a staircase to the Lair.
 11404 | D:9      | Found a runed translucent door.
 11405 | D:9      | Noticed IdlyInterested's ghost (novice DsWn)
 11416 | D:9      | Killed IdlyInterested's ghost
 11607 | D:10     | Entered Level 10 of the Dungeon
 11660 | D:10     | Noticed Grum
 11678 | D:10     | Killed Grum
 11837 | D:10     | Noticed a two-headed ogre
 11841 | D:10     | Killed a two-headed ogre
 11944 | D:10     | Reached skill level 1 in Shields
 12274 | D:10     | Gained mutation: A demonic guardian rushes to your aid.
                  | [demonic ancestry]
 12274 | D:10     | Reached XP level 12. HP: 88/88 MP: 15/15
 12311 | D:10     | Found a runed translucent gate.
 12315 | D:10     | Found a runed translucent gate.
 12315 | D:10     | Found a runed translucent gate.
 12317 | D:10     | Noticed Valamore's ghost (journeyman FeEE)
 12318 | D:10     | Noticed nickcage's ghost (journeyman MfGl)
 12426 | D:10     | Killed Valamore's ghost
 12433 | D:10     | Slain by nickcage's ghost

Illustrated notes

Levels and vault maps discovered:
D:1:      co_arrival_square_in_a_square_in_a_square, layout_basic
D:2:      layout_loops_ring, basic_altar, uniq_sigmund, uniq_robin
D:3:      layout_rooms, shapermc_ecumenical_altar_ellora, serial_shops,
          nicolae_shop_stone, nicolae_figureground_sparkle
D:4:      layout_loops_ring, mainiacjoe_overflow_alcove_2, temple_hall,
          gup_sewer_entry_bubbles
D:5:      layout_gridville, nzn_wu_jian_contemplation,
          mumra_transporter_accident, uniq_ijyb
D:6:      layout_basic, minmay_three_doors
D:7:      layout_cave_pods, uniq_joseph
D:8:      layout_loops_ring, enter_bailey_8
D:9:      hangedman_cross_stitches, layout_long_grid, erik_lair_dragon,
          ebering_ghost_reflecting_pool, st_stairs_4
D:10:     layout_loops_ring, gammafunk_ghost_cemetery, uniq_grum

Skill      XL: |  1  2  3  4  5  6  7  8  9 10 11 |
---------------+----------------------------------+-----
Stealth        | 1 2 3 |  3.2
Fighting       | 4 6 |  6.0
Short Blades   | 4 5 |  5.0
Dodging        | 3 5 |  5.0
Evocations     | 4 8 11 | 11.1
Invocations    | 4 5 |  5.0
Long Blades    | 5 9 |  9.4
Armour         | 4 6 |  6.0
Shields        | 3 |  3.9
Throwing       | |  1.7

Action                   |  1- 3 |  4- 6 |  7- 9 | 10-12 || total
-------------------------+-------+-------+-------+-------++-------
Melee: Rapier            |   139 |   199 |       |       ||   338
       Punch             |       |     3 |     2 |     4 ||     9
       Dagger            |       |    82 |   254 |    42 ||   378
       Headbutt          |       |       |    43 |    80 ||   123
       Scimitar          |       |       |       |   263 ||   263
Throw: Throwing net      |     3 |     2 |     1 |     2 ||     8
       Javelin           |     1 |     1 |       |     2 ||     4
       Dart              |       |       |       |     8 ||     8
Invok: Shadow Step       |       |       |       |     1 ||     1
Evoke: Wand              |       |       |       |     3 ||     3
  Use: Scroll            |     3 |     5 |     5 |     4 ||    17
       Potion            |       |       |     4 |     7 ||    11
 Stab: Sleeping          |     1 |     9 |     7 |     4 ||    21
       Held in net/web   |     2 |       |       |       ||     2
       Distracted        |       |     1 |     1 |     5 ||     7
Armor: Leather armour    |    36 |   118 |    55 |    99 ||   308
Dodge: Dodged            |   103 |   215 |   116 |   252 ||   686
Block: Buckler           |       |       |       |     3 ||     3

Table legend: (Time is in decaauts)
 A = Elapsed time spent in this place.
 B = Non-inter-level travel time spent in this place.
 C = Inter-level travel time spent in this place.
 D = Time resting spent in this place.
 E = Time spent auto-exploring this place.
 F = Levels seen in this place.
 G = Mean time per level.
                   A        B        C        D        E       F      G
               +--------+--------+--------+--------+--------+-----+--------+
         Total |  12425 |  12187 |    238 |   2854 |   6731 |  11 | 1129.5 |
       Dungeon |  11949 |  11711 |    238 |   2814 |   6530 |  10 | 1194.9 |
        Bailey |    476 |    476 |      0 |     40 |    200 |   1 |  476.0 |
               +--------+--------+--------+--------+--------+-----+--------+

Top non-repeatable levels by time:
     D:1: 1573 daAuts
     D:4: 1451 daAuts
     D:7: 1401 daAuts
     D:6: 1379 daAuts
     D:9: 1261 daAuts
     D:2: 1229 daAuts
     D:3: 1077 daAuts
     D:8: 893 daAuts
     D:5: 865 daAuts
    D:10: 816 daAuts
  Bailey: 476 daAuts
